 Dungeon Crawl Stone Soup version 0.30-a0-377-g5cb311bc9f (webtiles) character file.

Game seed: 10232402435417182884

4 Depression the Trooper (level 1, -3/18 HPs)
             Began as a Demonspawn Monk on Nov 29, 2022.
             Frozen to death by an endoplasm (4 damage)
             ... on level 1 of the Dungeon.
             The game lasted 00:01:09 (146 turns).

Depression the Trooper (Demonspawn Monk)             Turns: 146, Time: 00:01:09

Health: -3/18      AC:  2    Str: 11    XL:     1   Next: 50%
Magic:  1/1        EV: 13    Int: 11    God:
Gold:   0          SH:  0    Dex: 15    Spells: 0/0 levels left

rFire   . . .      SeeInvis .    a - +0 falchion
rCold   . . .      Faith    .    (no shield)
rNeg    . . .      Spirit   .    b - +0 robe
rPois   .          Reflect  .    (no helmet)
rElec   .          Harm     .    (no cloak)
rCorr   .          Rampage  .    (no gloves)
Will    .....                    (no boots)
Stlth   ++........               (no amulet)
HPRegen 0.23/turn                (no ring)
MPRegen 0.07/turn                (no ring)

@: no status effects
A: no striking features
a: no special abilities


You were on level 1 of the Dungeon.
You visited 1 branch of the dungeon, and saw 1 of its levels.

Inventory:

Hand Weapons
 a - a +0 falchion (weapon)
Armour
 b - a +0 robe (worn)
Scrolls
 d - a scroll of enchant weapon {unknown}
Potions
 c - a potion of ambrosia


   Skills:
 * Level 3.1 Fighting
 + Level 2.7 Long Blades
 + Level 2.7 Dodging
 + Level 1.8 Stealth


You couldn't memorise any spells.
You didn't know any spells.
Your spell library was empty.

Dungeon Overview and Level Annotations

Branches:
Dungeon (1/15) Zot: 5849

Altars:


Message History

The giant cockroach is severely wounded.
The giant cockroach misses you.
You slash the giant cockroach!
You kill the giant cockroach!
Found 4 stones.
Found a scroll labelled FAUFAX XIRY.
Found 2 fuming silvery potions.
A rat and a gnoll come into view.
Found a scroll labelled TYUWNA SONLERI.
An endoplasm comes into view.
A bat comes into view.
The endoplasm quivers.
The bat barely misses you. The endoplasm freezes you.
You are frozen.
You hit the endoplasm but do no damage. The bat hits you.
The endoplasm freezes you.
You are frozen.
You barely miss the endoplasm. The bat misses you.
The endoplasm completely misses you.
You hit the endoplasm but do no damage. The bat barely misses you.
The endoplasm freezes you.
You are frozen.
The endoplasm freezes you.
You are frozen.
* * * LOW HITPOINT WARNING * * *
You hit the endoplasm but do no damage. The bat hits you but does no damage.
The endoplasm barely misses you.
You barely miss the endoplasm. The bat hits you but does no damage.
The endoplasm closely misses you.
You barely miss the endoplasm. The bat completely misses you.
The endoplasm freezes you.
You are frozen.
* * * LOW HITPOINT WARNING * * *
You hit the endoplasm.
The endoplasm is heavily wounded.
The bat misses you. The endoplasm freezes you.
You are frozen.
You die...

#....#...$ #....#.##
####### ######.....##
#.....###...........#
#.....#...####.##.#..
#...b...###.....#.##.
#.....### ####.......
#.....# ##.#...#
#...@.# #......
#...J.# ####...
#.....# ## #..##
#.....# . #.##
#.....# #. ##.#
####.######.####..#
#.###.........##
...........##..#
......[..##.#


You could see an endoplasm and a bat.

Vanquished Creatures
  An endoplasm (D:1)
  A giant cockroach (D:1)
  A hobgoblin (D:1)
3 creatures vanquished.

Notes
Turn   | Place    | Note
-------+----------+-------------------------------------------
     0 | D:1      | Depression the Demonspawn Monk began the quest for the Orb.
     0 | D:1      | Reached XP level 1. HP: 18/18 MP: 1/1
     2 | D:1      | Noticed a demigod
     2 | D:1      | Noticed a gargoyle
     4 | D:1      | Noticed an armataur
     4 | D:1      | Noticed a demonspawn
     6 | D:1      | Noticed a minotaur
     6 | D:1      | Noticed a draconian
     8 | D:1      | Noticed a naga
     8 | D:1      | Noticed an elf
    10 | D:1      | Noticed a vine stalker
    10 | D:1      | Noticed a human
    12 | D:1      | Noticed a spriggan
    14 | D:1      | Noticed a merfolk
    14 | D:1      | Noticed a felid
    16 | D:1      | Noticed a meteoran
    18 | D:1      | Noticed an ogre
    20 | D:1      | Noticed a vampire
    20 | D:1      | Noticed a formicid
    22 | D:1      | Noticed a ghoul
    22 | D:1      | Noticed a troll
    24 | D:1      | Noticed a tengu
    24 | D:1      | Noticed a formicid
    26 | D:1      | Noticed a merfolk
    26 | D:1      | Noticed a minotaur
   145 | D:1      | HP: 1/18 [frozen (5)]
   146 | D:1      | Frozen to death by an endoplasm

Illustrated notes

Levels and vault maps discovered:
D:1:      kb_arrival_jail, layout_rooms, grunt_decor_junction,
          minmay_indecisive_spiral

Action                   || total
-------------------------++-------
Melee: Falchion          ||    21
Armor: Robe              ||     2
Dodge: Dodged            ||    17

Table legend: (Time is in decaauts)
 A = Elapsed time spent in this place.
 B = Non-inter-level travel time spent in this place.
 C = Inter-level travel time spent in this place.
 D = Time resting spent in this place.
 E = Time spent auto-exploring this place.
 F = Levels seen in this place.
 G = Mean time per level.
                   A        B        C        D        E       F      G
               +--------+--------+--------+--------+--------+-----+--------+
         Total |    149 |    149 |      0 |     42 |      0 |   1 |  149.0 |
       Dungeon |    149 |    149 |      0 |     42 |      0 |   1 |  149.0 |
               +--------+--------+--------+--------+--------+-----+--------+

Top non-repeatable levels by time:
     D:1: 149 daAuts
